 Dungeon Crawl Stone Soup version 0.29-a0-1006-g0dd7720b37 (webtiles) character file.

Game seed: 18058700906436909576

1056 drpainis the Thaumaturge (level 8, -5/36 HPs)
             Began as a Spriggan Summoner on Aug 7, 2022.
             Shot with an arrow by a centaur (6 damage)
             ... on level 5 of the Dungeon.
             The game lasted 00:23:06 (10702 turns).

drpainis the Thaumaturge (Spriggan Summoner)       Turns: 10702, Time: 00:23:06

Health: -5/36      AC:  2    Str:  4    XL:     8   Next: 6%
Magic:  11/21      EV: 18    Int: 19    God:
Gold:   306        SH:  0    Dex: 15    Spells: 13/23 levels left

rFire   . . .      SeeInvis +   i - +2 sling (flame)
rCold   . . .      Faith    .   (no shield)
rNeg    . . .      Spirit   .   a - +0 robe
rPois   +          Reflect  .   (helmet restricted)
rElec   .          Harm     .   (no cloak)
rCorr   +          Rampage  .   (gloves unavailable)
Will    +....                   (boots unavailable)
Stlth   +++.......              (no amulet)
HPRegen 0.12/turn               h - ring of resist corrosion
MPRegen 0.17/turn               g - ring of poison resistance

@: about to teleport, very quick
A: very small, no large weapons, unfitting armour, see invisible, speed 3
a: no special abilities


You were on level 5 of the Dungeon.
You visited 1 branch of the dungeon, and saw 5 of its levels.

You collected 306 gold pieces.

Inventory:

Hand Weapons
 i - a +2 sling of flaming (weapon)
Missiles
 q - 6 boomerangs
Armour
 a - a +0 robe (worn)
 n - a +0 pair of gloves
Magical Staves
 m - a staff of conjuration
Jewellery
 g - a ring of poison resistance (right hand)
 h - a ring of resist corrosion (left hand)
Scrolls
 b - a scroll of fog
 c - a scroll of teleportation
 e - a scroll of amnesia
 j - a scroll of noise
 l - a scroll of acquirement {unknown}
 o - a scroll of poison {unknown}
 r - a scroll of fear {unknown}
 s - a scroll of identify
Potions
 d - 2 potions of curing
 f - a potion of haste {unknown}
 k - a potion of might {unknown}
 p - a potion of heal wounds {unknown}
 t - a potion of degeneration {unknown}


   Skills:
 + Level 0.2 Fighting
 + Level 3.6 Dodging
 + Level 3.8 Stealth
 + Level 8.3 Spellcasting
 + Level 0.9 Hexes
 + Level 6.1 Summonings
 + Level 0.1 Fire Magic


You had 13 spell levels left.
You knew the following spells:

 Your Spells              Type           Power      Damage    Failure   Level
a - Summon Small Mammal   Summ           100%       N/A       1%          1
b - Call Imp              Summ           31%        N/A       1%          2
c - Call Canine Familiar  Summ           31%        N/A       2%          3
d - Summon Guardian Gole  Hex/Summ       21%        N/A       6%          3
e - Foxfire               Conj/Fire      32%        2x1d5     9%          1

Your spell library contained the following spells:

 Spells                   Type           Power      Damage    Failure   Level
 Inner Flame              Hex/Fire       9%         N/A       22%         3
 Conjure Flame            Conj/Fire      8%         6-21      26%         3
 Ignite Poison            Fire/Tmut/Pois 8%         N/A       26%         3
 Summon Lightning Spire   Summ/Air       19%        N/A       26%         4
 Flame Wave               Conj/Fire      8%         2d5       65%         4
 Sticky Flame             Conj/Fire      8%         2d3       65%         4


Dungeon Overview and Level Annotations

Branches:
Dungeon (5/15)             Temple (0/1) D:4

Altars:
Ashenzari
Gozag
Makhleb
Okawaru
Ru
Uskayaw

Shops:
D:2 !   D:5 *


Innate Abilities, Weirdness & Mutations

You are very small and have problems with some larger weapons.
You are too small for most types of armour.
You have supernaturally acute eyesight. (SInv)
You cover ground extremely quickly. (Speed+++)


Message History

Confirm with . or Enter, or press ? or * to list all spells.
The centaur shouts!
The centaur wields a +0 shortbow.
The centaur shoots an arrow.
The arrow hits your quokka!
Your quokka dies!
Your quokka's corpse disappears in a puff of smoke!
The centaur shoots an arrow.
The arrow hits you!
Casting: Summon Small Mammal (safe; 1% risk of failure)
Confirm with . or Enter, or press ? or * to list all spells.
The centaur shoots an arrow.
The arrow hits you!
The centaur shoots an arrow.
The arrow closely misses you. The arrow hits your quokka!
Your quokka dies!
Your quokka's corpse disappears in a puff of smoke!
Unknown command.
The centaur shoots an arrow.
The arrow hits you!
* * * LOW HITPOINT WARNING * * *
Casting: Summon Small Mammal (safe; 1% risk of failure)
Confirm with . or Enter, or press ? or * to list all spells.
The centaur shoots an arrow.
The arrow closely misses you.
The centaur unwields a +0 shortbow.
The centaur misses you. The centaur closely misses you.
Really attack while wielding your +2 sling of flaming? [Y]es or [N]o only, please.
Really attack while wielding your +2 sling of flaming? [Y]es or [N]o only, please.
Really attack while wielding your +2 sling of flaming? [Y]es or [N]o only, please.
Really attack while wielding your +2 sling of flaming?
Okay, then.
As you read the scroll of teleportation, it crumbles to dust.
You feel strangely unstable. The centaur barely misses you.
The centaur misses you. The worm completely misses you.
The centaur wields a +0 shortbow.
The centaur shoots an arrow.
The arrow hits you.
* * * LOW HITPOINT WARNING * * *
The centaur shoots an arrow.
The arrow closely misses you.
The centaur shoots an arrow.
The arrow barely misses you.
The centaur shoots an arrow.
The arrow hits you.
You die...

..###.......#...# .≈≈≈
..h.........#....# ≈≈≈≈
#.###.##.#######....§≈_≈
### #.##... ...##.≈≈§≈
#.##.##.# #.##..≈≈.≈
#..... # #.....≈≈.≈
####.# #cw..≈... ...
#.##.≈.8. .. #@##..... #
#○○r.# # ## #○.####.# .#
#○.°....# .# # ##.######
.# ####.#.#####.# .#
#... #....##.#
.#####.#######....#
..........#....####


You could see a centaur (ally target), a worm and a friendly rat (summoned).

Vanquished Creatures
  A bat (D:1)
1 creature vanquished.

Vanquished Creatures (collateral kills)
  The ghost of gdog the Covert, an amateur GnDe (D:3)
  2 ice beasts (D:5)
  A necrophage (D:5)
  2 scorpions (D:5)
  A hound (D:4)
  A jelly (D:4)
  An orc priest (D:5)
  An orc wizard (D:4)
  7 adders
  A white imp (D:5)
  An ufetubus (D:5)
  2 worms
  2 dart slugs (D:3)
  5 orcs
  8 endoplasms
  2 giant cockroaches (D:4)
  9 goblins
  7 hobgoblins
  13 jackals
  2 kobolds
  A quokka (D:4)
  11 ball pythons
  8 bats
  A frilled lizard (D:1)
  5 rats
95 creatures vanquished.

Vanquished Creatures (others)
  Sigmund (D:5)
  An ice beast (D:5)
  8 foxfires (D:5)
10 creatures vanquished.

Grand Total: 106 creatures vanquished

Notes
Turn   | Place    | Note
-------+----------+-------------------------------------------
     0 | D:1      | drpainis the Spriggan Summoner began the quest for the Orb.
     0 | D:1      | Reached XP level 1. HP: 9/9 MP: 5/5
   469 | D:1      | Reached skill level 3 in Spellcasting
   469 | D:1      | Reached XP level 2. HP: 8/13 MP: 4/7
   662 | D:1      | Learned a level 2 spell: Call Imp
  1767 | D:1      | Reached XP level 3. HP: 16/16 MP: 3/8
  2016 | D:1      | Learned a level 3 spell: Call Canine Familiar
  2796 | D:2      | Found a sacrificial altar of Ru.
  3269 | D:2      | Found Dydixt's Distillery.
  4031 | D:3      | Reached XP level 4. HP: 21/21 MP: 2/10
  4057 | D:3      | Reached skill level 4 in Spellcasting
  4918 | D:3      | Found a large runed translucent door.
  4919 | D:3      | Found a large runed translucent door.
  4921 | D:3      | Noticed gdog's ghost (amateur GnDe)
  5190 | D:3      | Killed gdog's ghost
  5191 | D:3      | Reached skill level 5 in Spellcasting
  5191 | D:3      | Reached XP level 5. HP: 12/24 MP: 1/13
  5768 | D:4      | Reached XP level 6. HP: 28/28 MP: 1/15
  6094 | D:4      | Found a staircase to the Ecumenical Temple.
  6213 | D:4      | Learned a level 3 spell: Summon Guardian Golem
  6258 | D:4      | Reached skill level 6 in Spellcasting
  6720 | D:4      | Found an iron altar of Okawaru.
  6723 | D:4      | Found a hide-covered altar of Uskayaw.
  6727 | D:4      | Found an opulent altar of Gozag.
  6738 | D:4      | Found a broken altar of Ashenzari.
  7308 | D:5      | Entered Level 5 of the Dungeon
  7308 | D:5      | Noticed a shadow
  7308 | D:5      | Noticed an ice beast
  7368 | D:5      | Reached skill level 5 in Summonings
  9292 | D:5      | Reached XP level 7. HP: 26/32 MP: 11/18
  9633 | D:5      | Reached skill level 7 in Spellcasting
  9777 | D:5      | Learned a level 1 spell: Foxfire
  9960 | D:5      | Found Qoluel's Neck Hole.
 10340 | D:5      | Noticed Sigmund
 10406 | D:5      | Killed Sigmund
 10407 | D:5      | Reached skill level 8 in Spellcasting
 10686 | D:5      | Reached XP level 8. HP: 36/36 MP: 11/21
 10686 | D:5      | Found a burning altar of Makhleb.
 10700 | D:5      | HP: 1/36 [centaur/arrow (5)]
 10702 | D:5      | Shot with an arrow by a centaur

Illustrated notes

Levels and vault maps discovered:
D:1:      doesnt_arrival_eight_statues, layout_basic
D:2:      layout_basic, serial_shops, shop, basic_altar, supply_closet_lemuel,
          st_stairs_4, minmay_tree_intersection, minivault_19
D:3:      minmay_skewed_foursquare, layout_basic, ebering_ghost_disaster_area,
          minivault_5
D:4:      layout_basic, mainiacjoe_overflow_alcove_2,
          grunt_temple_overflow_diamond, minmay_temple_entry_from_below_b
D:5:      layout_loops_cross, mainiacjoe_overflow_catwalk,
          nicolae_shop_sticking_my_neck_out, uniq_sigmund

Skill      XL: |  1  2  3  4  5  6  7 |
---------------+----------------------+-----
Spellcasting   | 3 5 6 8 |  8.3
Dodging        | 3 |  3.6
Summonings     | 4 5 6 |  6.1
Fighting       | |  0.2
Stealth        | |  3.8
Hexes          | |  0.9
Fire Magic     | |  0.1

Action                   |  1- 3 |  4- 6 |  7- 9 || total
-------------------------+-------+-------+-------++-------
Melee: Unarmed           |     9 |       |       ||     9
 Cast: Summon Small Mamm |    71 |    67 |    25 ||   163
       Call Imp          |    13 |    14 |     3 ||    30
       Call Canine Famil |    10 |    30 |     8 ||    48
       Summon Guardian G |       |     3 |     6 ||     9
       Foxfire           |       |       |     4 ||     4
  Use: Potion            |       |     2 |       ||     2
       Scroll            |       |     5 |     1 ||     6
Armor: Robe              |    10 |     7 |     1 ||    18
Dodge: Dodged            |    58 |    65 |    17 ||   140

Table legend: (Time is in decaauts)
 A = Elapsed time spent in this place.
 B = Non-inter-level travel time spent in this place.
 C = Inter-level travel time spent in this place.
 D = Time resting spent in this place.
 E = Time spent auto-exploring this place.
 F = Levels seen in this place.
 G = Mean time per level.
                   A        B        C        D        E       F      G
               +--------+--------+--------+--------+--------+-----+--------+
         Total |   9065 |   8986 |     79 |   4985 |   1877 |   5 | 1813.0 |
       Dungeon |   9065 |   8986 |     79 |   4985 |   1877 |   5 | 1813.0 |
               +--------+--------+--------+--------+--------+-----+--------+

Top non-repeatable levels by time:
     D:4: 2434 daAuts
     D:1: 2029 daAuts
     D:5: 2008 daAuts
     D:3: 1605 daAuts
     D:2: 987 daAuts
